 Dungeon Crawl Stone Soup version 0.28-a0-1190-g77e1c55843 (webtiles) character file.

Game seed: 18017859787632044864

51 ChaosChampion the Conjurer (level 3, -7/19 HPs)
             Began as a Deep Elf Conjurer on Dec 18, 2021.
             Mangled by Sigmund (14 damage)
             ... on level 3 of the Dungeon.
             The game lasted 00:00:48 (1888 turns).

ChaosChampion the Conjurer (Deep Elf Conjurer)      Turns: 1888, Time: 00:00:49

Health: -7/19      AC:  2    Str:  4    XL:     3   Next: 57%
Magic:  8/11       EV: 12    Int: 24    God:
Gold:   39         SH:  0    Dex: 13    Spells: 8/11 levels left

rFire   . . .      SeeInvis .   (no weapon)
rCold   . . .      Faith    .   (no shield)
rNeg    . . .      Spirit   .   a - +0 robe
rPois   .          Reflect  .   (no helmet)
rElec   .          Harm     .   (no cloak)
rCorr   .          Rampage  .   (no gloves)
Will    .....                   (no boots)
Stlth   ++........              (no amulet)
HPRegen 0.06/turn               (no ring)
MPRegen 0.12/turn               (no ring)

@: no status effects
A: no striking features
a: no special abilities


You were on level 3 of the Dungeon.
You visited 1 branch of the dungeon, and saw 3 of its levels.

You collected 39 gold pieces.

Inventory:

Armour
 a - a +0 robe (worn)
Jewellery
 c - an amulet of guardian spirit
Scrolls
 b - 2 scrolls of identify {unknown}
 e - 2 scrolls of vulnerability {unknown}
 f - a scroll of teleportation {unknown}
 g - 3 scrolls of torment {unknown}
Potions
 d - a potion of curing {unknown}


   Skills:
 - Level 2.4 Dodging
 - Level 2.4 Stealth
 * Level 4.8 Spellcasting
 + Level 4.9 Conjurations


You had 8 spell levels left.
You knew the following spells:

 Your Spells              Type           Power      Damage    Failure   Level
a - Magic Dart            Conj           100%       1d8       1%          1
b - Searing Ray           Conj           58%        2d6       1%          2

Your spell library contained the following spells:

 Spells                   Type           Power      Damage    Failure   Level
 Beastly Appendage        Tmut           10%        N/A       9%          1
 Dazzling Flash           Conj/Hex       34%        N/A       10%         3
 Wereblood                Tmut           5%         N/A       14%         2
 Spider Form              Tmut/Pois      5%         N/A       26%         3
 Fulminant Prism          Conj/Hex       8%         3d7       32%         4
 Iskenderun's Mystic Bla  Conj/Tloc      17%        2d5       32%         4


Dungeon Overview and Level Annotations

Branches:
Dungeon (3/15)

Altars:

Annotations:
D:3 Sigmund


Message History

Found a cloak.
You see here an adder corpse.
Key pressed, stopping explore.
Casting: Magic Dart (safe; 1% risk of failure)
Confirm with . or Enter, or press ? or * to list all spells.
You can't see any susceptible monsters within range! (Use Z to cast anyway.)
You open the door.
A rat comes into view.
There is an open door here.
Casting: Magic Dart (safe; 1% risk of failure)
Confirm with . or Enter, or press ? or * to list all spells.
Aiming: Magic Dart (safe; 1% risk of failure)
Press: ? - help, Shift-Dir - straight line, f - rat
Aim: a rat (100% to hit)
The magic dart hits the rat.
You kill the rat!
You open the door.
There is an open door here.
Sigmund the Dreaded comes into view.
He is wielding a +2 scythe of distortion.
Sigmund shouts!
There is an open door here.
Casting: Magic Dart (safe; 1% risk of failure)
Confirm with . or Enter, or press ? or * to list all spells.
You can't see any susceptible monsters within range! (Use Z to cast anyway.)
You start waiting.
Sigmund is nearby!
Casting: Magic Dart (safe; 1% risk of failure)
Confirm with . or Enter, or press ? or * to list all spells.
Aiming: Searing Ray (safe; 1% risk of failure)
Press: ? - help, Shift-Dir - straight line, f - Sigmund
Aim: Sigmund, wielding a +2 scythe of distortion and wearing a +0 robe (77% to hit)
The searing ray hits Sigmund!
Sigmund is moderately wounded. (Press . to maintain the ray.)
The searing ray misses Sigmund.
Sigmund hits you from afar with a +2 scythe of distortion!
Ouch! That really hurt!
Space warps horribly around you!
Ouch! That really hurt!
You die...

########## ####### #....
.........# #.....# #....
.........######.....####....
.......................+....
.........######......###....
.....@...'..# #......##.....
.........##@# #......##.####
###########.# ####.#.#.....#
#@# #.#.#.(...# #.#
####...†.....#
#######.###............#
#........##............#
#.........'............#
#.........#............#
####....#.#.<#..........
#....#.#..#..........
#....#.#..#..........


You could see Sigmund.

Vanquished Creatures
  An adder (D:3)
  2 dart slugs (D:2)
  3 bats (D:1)
  2 endoplasms (D:2)
  2 goblins
  2 hobgoblins
  10 jackals (D:2)
  6 kobolds
  A quokka (D:1)
  2 ball pythons
  2 frilled lizards
  2 rats
35 creatures vanquished.

Notes
Turn   | Place    | Note
-------+----------+-------------------------------------------
     0 | D:1      | ChaosChampion the Deep Elf Conjurer began the quest for the
                  | Orb.
     0 | D:1      | Reached XP level 1. HP: 10/10 MP: 6/6
   621 | D:1      | Reached XP level 2. HP: 15/15 MP: 4/8
   662 | D:1      | Learned a level 2 spell: Searing Ray
   709 | D:1      | Found a faded altar of an unknown god.
  1315 | D:2      | Reached XP level 3. HP: 19/19 MP: 8/10
  1877 | D:3      | Noticed Sigmund
  1888 | D:3      | Mangled by Sigmund

Illustrated notes

Levels and vault maps discovered:
D:1:      dpeg_arrival_tiny_d, layout_basic,
          hellmonk_ecumenical_altar_arch_garden
D:2:      layout_basic, feat_on_display
D:3:      layout_basic, mainiacjoe_overflow_tiny_flanked,
          chequers_serial_rivers_micro_e, uniq_ijyb, uniq_sigmund

Skill      XL: |  1  2 |
---------------+-------+-----
Spellcasting   | 4 |  4.8
Dodging        | |  2.4
Stealth        | |  2.4
Conjurations   | |  4.9

Action                   || total
-------------------------++-------
 Cast: Magic Dart        ||    51
       Searing Ray       ||     3
Armor: Robe              ||     1
Dodge: Dodged            ||     2

Table legend: (Time is in decaauts)
 A = Elapsed time spent in this place.
 B = Non-inter-level travel time spent in this place.
 C = Inter-level travel time spent in this place.
 D = Time resting spent in this place.
 E = Time spent auto-exploring this place.
 F = Levels seen in this place.
 G = Mean time per level.
                   A        B        C        D        E       F      G
               +--------+--------+--------+--------+--------+-----+--------+
         Total |   1887 |   1785 |    102 |      4 |   1649 |   3 |  629.0 |
       Dungeon |   1887 |   1785 |    102 |      4 |   1649 |   3 |  629.0 |
               +--------+--------+--------+--------+--------+-----+--------+

Top non-repeatable levels by time:
     D:1: 895 daAuts
     D:2: 848 daAuts
     D:3: 143 daAuts
